 Dungeon Crawl Stone Soup version 0.29-a0-362-g5854e031c7 (webtiles) character file.

Game seed: 6647623373934235955

424 Enlil the Sneak (level 6, -4/41 HPs)
             Began as a Vampire Enchanter on Apr 29, 2022.
             Killed from afar by Dowan (17 damage)
             ... with a stone arrow
             ... on level 4 of the Dungeon.
             The game lasted 00:11:50 (2786 turns).

Enlil the Sneak (Vampire Enchanter)                 Turns: 2786, Time: 00:11:51

Health: -4/41      AC:  4    Str:  9    XL:     6   Next: 64%
Magic:  4/10       EV: 16    Int: 20    God:
Gold:   190        SH:  0    Dex: 14    Spells: 8/11 levels left

rFire   . . .      SeeInvis +   j - +3 short sword
rCold   . . .      Faith    .   (no shield)
rNeg    . . .      Spirit   .   h - +1 leather armour
rPois   .          Reflect  .   (no helmet)
rElec   .          Harm     .   (no cloak)
rCorr   .          Rampage  .   (no gloves)
Will    .....                   (no boots)
Stlth   +.........              (no amulet)
HPRegen 0.33/turn               e - +4 ring of evasion
MPRegen 0.12/turn               (no ring)

@: confusing by touch, lit by a corona, healing quickly, glowing
A: alive, fangs 3, see invisible, vampiric 2, clever 1
a: Exsanguinate


You were on level 4 of the Dungeon.
You visited 1 branch of the dungeon, and saw 4 of its levels.

You collected 190 gold pieces.

Inventory:

Hand Weapons
 a - a +1 dagger
 j - a +3 short sword (weapon)
Missiles
 f - 9 poisoned darts (quivered)
Armour
 b - a +1 robe
 h - a +1 leather armour (worn)
Jewellery
 e - a +4 ring of evasion (left hand)
Wands
 l - a wand of flame (23)
Scrolls
 d - a scroll of fog
 g - 3 scrolls of identify
 k - a scroll of teleportation
Potions
 c - 3 potions of invisibility
 i - 2 potions of curing
 m - a potion of ambrosia


   Skills:
 + Level 3.3 Short Blades
 + Level 1.6 Armour
 + Level 3.7 Dodging
 + Level 6.2 Stealth
 + Level 3.2 Spellcasting
 + Level 6.0 Hexes


You had 8 spell levels left.
You knew the following spells:

 Your Spells              Type           Power      Damage    Failure   Level
a - Confusing Touch       Hex            27%        N/A       4%          3

Your spell library contained the following spells:

 Spells                   Type           Power      Damage    Failure   Level
 Tukima's Dance           Hex            27%        N/A       4%          3
 Ensorcelled Hibernation  Hex/Ice        30%        N/A       9%          2
 Dazzling Flash           Conj/Hex       30%        N/A       16%         3
 Shock                    Conj/Air       12%        1d3       19%         1
 Swiftness                Air            3%         N/A       50%         3
 Airstrike                Air            1%         N/A       88%         4


Dungeon Overview and Level Annotations

Branches:
Dungeon (4/15)
 Temple: D:4-7

Altars:

Annotations:
D:4 Dowan


Innate Abilities, Weirdness & Mutations

Your natural rate of healing is accelerated.
You have razor-sharp teeth.
You have supernaturally acute eyesight. (SInv)
You are afflicted with vampirism and can become a bat while bloodless.
Your mind is acute. (Int +2)


Message History

Duvessa closely misses you. The hobgoblin closely misses you.
You barely miss Duvessa.
Duvessa is almost dead.
Duvessa hits you with a +0 rapier. The hobgoblin hits you.
Duvessa hits you with a +0 rapier!
You hit Duvessa but do no damage.
Duvessa appears confused.
You bite Duvessa, but do no damage.
Duvessa is almost dead.
The hobgoblin misses you. Dowan closely misses you.
The hobgoblin closely misses you.
Dowan says, "My weaknesses are her strengths!"
Dowan closely misses you. Duvessa hits you but does no damage.
Dowan smirks and points a slender finger.
Dowan mumbles some strange words.
Dowan blinks!
You barely miss Duvessa.
Duvessa is almost dead.
The hobgoblin hits you but does no damage.
Dowan casts a spell at you. The puff of flame hits you!
* * * LOW HITPOINT WARNING * * *
You catch the helpless Duvessa completely off-guard!
You puncture Duvessa!
You kill Duvessa!
Dowan seems overcome with grief.
Dowan seems to find hidden reserves of power!
The hobgoblin misses you.
Your Hexes skill increases to level 6!
Okay, then.
You closely miss the hobgoblin. The hobgoblin misses you.
Dowan closely misses you.
Casting: Confusing Touch (dangerous; 4% risk of failure)
Confirm with . or Enter, or press ? or * to list all spells.
Your hands begin to glow red.
Dowan misses you.
The hobgoblin hits you but does no damage.
You barely miss Dowan.
Dowan points at you and mumbles some strange words.
The stone arrow hits you!
You die...

#####......#........
#.......#........
#.......#........
#.......'........
#.......#........
#########.>......
#........#########
#........#...)...#
#........+..e@...#
#........#...g...#
#................#
#########.########
#... #..... #.......
#....... #.......


You could see Dowan (fast) and a hobgoblin.

Vanquished Creatures
  Duvessa (D:4)
  A sky beast (D:4)
  An ogre (D:4)
  A jelly (D:4)
  An iguana (D:2)
  3 adders
  A dart slug (D:3)
  2 orcs
  4 ball pythons
  6 bats (D:1)
  4 endoplasms
  3 giant cockroaches
  6 goblins (D:1)
  4 hobgoblins
  6 jackals
  2 quokkas
  2 frilled lizards
  6 kobolds
  2 rats (D:3)
56 creatures vanquished.

Notes
Turn   | Place    | Note
-------+----------+-------------------------------------------
     0 | D:1      | Enlil the Vampire Enchanter began the quest for the Orb.
     0 | D:1      | Reached XP level 1. HP: 13/13 MP: 3/3
    83 | D:1      | Found a faded altar of an unknown god.
   150 | D:1      | Reached XP level 2. HP: 19/19 MP: 5/5
   789 | D:2      | Gained mutation: You are afflicted with vampirism and can
                  | become a bat while bloodless. [Vampire growth]
   789 | D:2      | Reached XP level 3. HP: 24/24 MP: 6/6
   850 | D:2      | Learned a level 3 spell: Confusing Touch
   944 | D:2      | Reached skill level 5 in Stealth
  1010 | D:2      | Reached skill level 5 in Hexes
  1010 | D:2      | Reached XP level 4. HP: 18/30 MP: 7/7
  2323 | D:4      | Noticed a sky beast
  2343 | D:4      | Noticed an ogre
  2344 | D:4      | Killed a sky beast
  2345 | D:4      | Reached XP level 5. HP: 10/35 MP: 1/9
  2350 | D:4      | Killed an ogre
  2351 | D:4      | Reached skill level 1 in Armour
  2351 | D:4      | Reached XP level 6. HP: 13/41 MP: 2/10
  2483 | D:4      | Gained mutation: Your mind is acute. (Int +2) [potion of
                  | mutation]
  2750 | D:4      | Noticed Duvessa
  2753 | D:4      | Noticed Dowan
  2783 | D:4      | Killed Duvessa
  2786 | D:4      | Killed from afar by Dowan

Illustrated notes

Levels and vault maps discovered:
D:1:      amcnicky_arrival_blooded_trapdoor, layout_basic,
          chequers_ecumenical_altar_simple, st_stairs_4,
          grunt_decor_mini_mirrors
D:2:      layout_basic, hex_large, st_stairs_7
D:3:      layout_basic, mrwooster_statue_mirror
D:4:      layout_gridville, uniq_duvessa

Skill      XL: |  1  2  3  4  5  6 |
---------------+-------------------+-----
Stealth        | 5 6 |  6.2
Short Blades   | 2 3 |  3.3
Hexes          | 5 6 |  6.0
Dodging        | 3 |  3.7
Armour         | 1 |  1.6
Spellcasting   | 3 |  3.2

Action                   |  1- 3 |  4- 6 || total
-------------------------+-------+-------++-------
Melee: Dagger            |    64 |     3 ||    67
       Bite              |     3 |     9 ||    12
       Short sword       |       |    84 ||    84
 Cast: Confusing Touch   |       |     5 ||     5
  Use: Potion            |     2 |     8 ||    10
       Scroll            |     9 |     2 ||    11
 Stab: Sleeping          |    11 |     4 ||    15
       Distracted        |     2 |       ||     2
       Confused          |       |     2 ||     2
Armor: Robe              |     8 |       ||     8
       Leather armour    |     2 |    12 ||    14
Dodge: Dodged            |    46 |    70 ||   116

Table legend: (Time is in decaauts)
 A = Elapsed time spent in this place.
 B = Non-inter-level travel time spent in this place.
 C = Inter-level travel time spent in this place.
 D = Time resting spent in this place.
 E = Time spent auto-exploring this place.
 F = Levels seen in this place.
 G = Mean time per level.
                   A        B        C        D        E       F      G
               +--------+--------+--------+--------+--------+-----+--------+
         Total |   2776 |   2730 |     46 |     98 |   1855 |   4 |  694.0 |
       Dungeon |   2776 |   2730 |     46 |     98 |   1855 |   4 |  694.0 |
               +--------+--------+--------+--------+--------+-----+--------+

Top non-repeatable levels by time:
     D:2: 796 daAuts
     D:3: 732 daAuts
     D:1: 721 daAuts
     D:4: 526 daAuts
